Map: [ESL] Tropical Sacrifice

Players

SKillous

  • Race: Protoss Protoss
  • League: Grandmaster
  • Spawn Location: 1:00

HeroMarine - Winner!

  • Race: Terran Terran
  • Spawn Location: 7:00

Event: TSL 9

VOD

Have the link to the VOD?

Description

Time

  • Played on: July 29, 2022, 10:26 a.m.
  • Length: 10:20

All games in this series

Show
View Real Time Build Order
Export as new Build Order

SKillous Protoss 

Build Orders: 1 Gate Expand, Phoenix Opening 

Get SALT Encoding   

  12  0:00  Probe  
  13  0:12  Probe  
  14  0:17  Pylon  
  14  0:24  Probe  
  15  0:35  Gateway  
  15  0:37  Probe (Chrono Boost)  
  16  0:44  Assimilator  
  16  0:47  Probe (Chrono Boost)  
  17  0:52  Probe (Chrono Boost)  
  18  1:04  Probe  
  19  1:16  Probe  
  20  1:23  Cybernetics Core  
  20  1:36  Nexus  
  20  1:44  Pylon  
  21  1:47  Probe  
  21  1:52  Assimilator  
  21  1:59  Adept (Chrono Boost), Probe (Chrono Boost)  
  23  2:11  Probe (Chrono Boost)  
  24  2:19  Probe (Chrono Boost)  
  24  2:22  Stargate  
  25  2:26  Adept  
  25  2:29  Probe  
  28  2:34  Warp Gate  
  28  2:41  Probe  
  29  2:49  Probe  
  30  2:55  Adept, Probe  
  33  3:01  Probe  
  33  3:04  Phoenix (Chrono Boost)  
  36  3:07  Probe  
  37  3:15  Probe (Chrono Boost)  
  37  3:17  Pylon  
  37  3:19  Probe (Chrono Boost)  
  39  3:21  Phoenix  
  42  3:30  Probe (Chrono Boost)  
  42  3:31  Probe (Chrono Boost)  
  42  3:33  Gateway  
  43  3:36  Probe (Chrono Boost)  
  43  3:39  Probe  
  45  3:45  Phoenix  
  48  3:50  Probe (Chrono Boost)  
  48  3:51  Assimilator  
  48  3:52  Probe (Chrono Boost)  
  49  3:58  Robotics Facility  
  49  4:02  Probe (Chrono Boost)  
  51  4:03  Probe (Chrono Boost)  
  51  4:04  Assimilator  
  51  4:08  Probe, Pylon  
  52  4:11  Probe  
  53  4:19  Shield Battery  
  54  4:26  Phoenix, Probe (Chrono Boost)  
  54  4:27  Probe (Chrono Boost), Pylon  
  54  4:29  Sentry  
  59  4:36  Probe (Chrono Boost)  
  61  4:39  Probe (Chrono Boost)  
  61  4:41  Probe (Chrono Boost)  
  61  4:43  Pylon  
  62  4:46  Observer  
  62  4:50  Robotics Bay  
  63  4:57  Adept x2  
  63  4:58  Pylon  
  67  5:03  Phoenix  
  67  5:16  Immortal (Chrono Boost)  
  67  5:20  Adept x2  
  75  5:21  Pylon  
  75  5:23  Probe x2  
  76  5:32  Phoenix  
  76  5:35  Probe  
  75  5:57  Phoenix  
  73  6:05  Nexus  
  73  6:06  Pylon  
  71  6:17  Colossus (Chrono Boost)  
  61  6:21  Phoenix (Chrono Boost)  
  61  6:22  Stalker x2  
  61  6:23  Probe x2  
  67  6:27  Gateway  
  67  6:28  Gateway  
  66  6:38  Probe  
  67  6:42  Phoenix  
  67  6:43  Probe  
  67  6:44  Extended Thermal Lance  
  70  6:49  Shield Battery  
  70  6:50  Probe  
  70  6:51  Zealot, Sentry  
  75  6:55  Gateway, Probe  
  76  7:02  Colossus (Chrono Boost), Probe  
  81  7:14  Phoenix  
  81  7:15  Zealot  
  81  7:17  Probe x2  
  81  7:19  Zealot  
  81  7:21  Probe  
  88  7:30  Gateway  
  88  7:31  Probe x2  
  88  7:32  Gateway  
  90  7:40  Probe  
  90  7:43  Probe x2  
  93  7:44  Assimilator  
  93  7:45  Assimilator  
  93  7:48  Twilight Council  
  93  7:50  Colossus (Chrono Boost)  
  91  7:56  Probe, Pylon  
  97  7:59  Forge  
  97  8:01  Forge  
  97  8:03  Probe  
  97  8:07  Sentry  
  97  8:08  Zealot  
  97  8:10  Probe  
  102  8:18  Twilight Council  
  102  8:19  Pylon  
  102  8:22  Zealot x2  
  106  8:27  Pylon  
  106  8:35  Zealot x3  
  106  8:39  Warp Prism (Chrono Boost)  
  114  8:45  Pylon  
  112  8:54  Nexus  
  112  8:55  Nexus  
  112  8:59  Zealot  
  106  9:08  Shield Battery  
  101  9:10  Stalker x2  
  101  9:13  Pylon  
  99  9:18  Probe x3  
  101  9:30  Probe  
  102  9:32  Pylon  
  102  9:35  Zealot x2  
  86  9:43  Zealot  
  80  9:46  Zealot x4  
  80  9:49  Probe  
  80  9:52  Zealot  
  91  9:53  Pylon  
Show
View Real Time Build Order
Export as new Build Order

HeroMarine Terran - Winner!

Build Orders:  

Get SALT Encoding   

  12  0:00  SCV  
  13  0:12  SCV  
  14  0:17  Supply Depot  
  14  0:24  SCV  
  15  0:39  SCV  
  15  0:40  Barracks  
  16  0:44  Refinery  
  16  0:51  SCV  
  16  0:54  Refinery  
  17  1:03  SCV  
  18  1:15  SCV  
  19  1:19  Supply Depot  
  19  1:27  Reaper  
  19  1:28  Orbital Command  
  20  1:45  Factory  
  20  1:53  SCV  
  21  2:04  Barracks Reactor  
  21  2:06  SCV  
  22  2:18  SCV  
  23  2:25  Command Center  
  23  2:29  Widow Mine  
  25  2:30  SCV  
  26  2:40  Supply Depot  
  26  2:42  SCV  
  27  2:47  Starport  
  27  2:52  Widow Mine  
  27  2:56  SCV, Marine  
  31  3:01  Marine  
  32  3:08  SCV  
  33  3:14  Marine  
  33  3:17  Factory Tech Lab  
  33  3:19  Marine  
  34  3:20  SCV  
  34  3:23  Viking  
  37  3:32  SCV  
  39  3:36  Cyclone  
  39  3:41  Orbital Command  
  41  3:44  SCV  
  41  3:45  Marine  
  41  3:46  Marine  
  44  3:53  Medivac  
  46  3:58  Supply Depot, SCV  
  47  4:06  Marine  
  47  4:08  Cyclone, Marine  
  52  4:11  SCV  
  52  4:13  SCV  
  54  4:18  Supply Depot  
  54  4:23  Liberator  
  57  4:25  SCV x2  
  57  4:28  Marine x2  
  61  4:32  Supply Depot  
  61  4:37  SCV  
  62  4:39  SCV  
  62  4:42  Cyclone  
  66  4:46  Marine x2  
  66  4:49  SCV  
  66  4:51  SCV  
  70  4:56  Supply Depot  
  68  5:01  SCV  
  68  5:03  SCV, Marine  
  68  5:04  Marine  
  70  5:13  SCV  
  73  5:14  Cyclone  
  73  5:15  SCV  
  71  5:21  Marine  
  71  5:22  Marine  
  71  5:25  Command Center  
  71  5:28  SCV x2  
  73  5:39  Marine x2  
  73  5:40  SCV x2  
  74  5:43  Barracks  
  74  5:49  Siege Tank  
  77  5:52  SCV x2  
  77  5:56  Barracks  
  76  6:03  Marine x2  
  70  6:04  SCV x2  
  72  6:16  SCV x2  
  72  6:18  Starport Tech Lab  
  71  6:21  Marine x2  
  71  6:22  Engineering Bay, Refinery  
  71  6:23  Refinery  
  70  6:28  SCV  
  70  6:29  SCV  
  70  6:30  Siege Tank  
  70  6:31  Barracks, Barracks Tech Lab  
  75  6:33  Barracks  
  75  6:39  Marine x2  
  75  6:40  SCV, Orbital Command  
  75  6:41  SCV  
  75  6:45  Barracks Tech Lab  
  75  6:46  Stimpack, Starport Reactor  
  77  6:53  SCV x2  
  79  6:55  Marine  
  79  6:57  Terran Infantry Weapons Level 1, Marine x2  
  79  6:58  Orbital Command  
  81  7:05  SCV x2, Marine  
  84  7:13  Marine  
  85  7:17  SCV x2  
  85  7:18  Missile Turret  
  85  7:20  Missile Turret  
  85  7:21  Barracks Reactor, Barracks Tech Lab  
  87  7:25  SCV  
  87  7:27  Missile Turret  
  87  7:29  SCV x2, Medivac x2, Siege Tank  
  97  7:35  Supply Depot x2  
  97  7:37  SCV  
  97  7:41  SCV x2, Marine  
  97  7:42  Marine  
  101  7:46  Supply Depot  
  101  7:48  Supply Depot  
  101  7:56  SCV x3, Combat Shield, Marine x3  
  101  7:58  Marine x2  
  108  8:00  Supply Depot x2  
  108  8:01  Medivac  
  108  8:02  Medivac  
  113  8:08  SCV x3  
  119  8:13  Bunker, Refinery  
  119  8:14  Refinery  
  119  8:15  Marauder x2  
  119  8:19  Marauder  
  125  8:21  Marine x4  
  129  8:35  Command Center  
  129  8:36  Marauder  
  129  8:37  Marauder  
  129  8:39  Marine x4  
  129  8:40  Marauder  
  136  8:44  Factory Reactor  
  136  8:52  Medivac x2  
  140  8:57  Marine x2  
  140  8:58  Marauder x2  
  140  9:01  Marauder  
  148  9:05  Marine  
  149  9:10  Supply Depot  
  149  9:11  Supply Depot  
  149  9:12  Supply Depot, Marine  
  139  9:19  Marauder x2  
  139  9:22  Ghost Academy  
  139  9:23  Marauder, Starport  
  144  9:24  Marine x2  
  146  9:32  Marine x2  
  146  9:34  SCV x2  
  146  9:35  SCV  
  141  9:39  Medivac x2, Widow Mine x2  
  141  9:41  Marauder x2  
  141  9:44  Marauder, Marine  
  141  9:45  Marine  
  150  9:52  Marine x2  
  150  10:05  Armory  
  150  10:06  Engineering Bay  
Tags
 
Add a new tag
Caveats
  • Supply blocks, unpowered buildings, or Contaminate may cause inaccurate times.
  • Supply counts are checked every 10 seconds.